%YAML 1.1
%TAG !u! tag:unity3d.com,2011:
--- !u!1 &5729362000958944521
GameObject:
  m_ObjectHideFlags: 0
  m_CorrespondingSourceObject: {fileID: 0}
  m_PrefabInstance: {fileID: 0}
  m_PrefabAsset: {fileID: 0}
  serializedVersion: 6
  m_Component:
  - component: {fileID: 4956520142008168371}
  - component: {fileID: 8315548560623411222}
  - component: {fileID: 6089486899656316124}
  - component: {fileID: 991537814578499706}
  m_Layer: 0
  m_Name: base 1x3 circled
  m_TagString: Untagged
  m_Icon: {fileID: 0}
  m_NavMeshLayer: 0
  m_StaticEditorFlags: 0
  m_IsActive: 1
--- !u!4 &4956520142008168371
Transform:
  m_ObjectHideFlags: 0
  m_CorrespondingSourceObject: {fileID: 0}
  m_PrefabInstance: {fileID: 0}
  m_PrefabAsset: {fileID: 0}
  m_GameObject: {fileID: 5729362000958944521}
  m_LocalRotation: {x: -0, y: 0.69205886, z: -0, w: 0.7218411}
  m_LocalPosition: {x: -3.4003005, y: 0, z: 24.638422}
  m_LocalScale: {x: 1.5, y: 1.5, z: 1.5}
  m_ConstrainProportionsScale: 0
  m_Children:
  - {fileID: 9058617368045131282}
  - {fileID: 2966599625979066657}
  - {fileID: 3968054285261928381}
  - {fileID: 722957941587877260}
  - {fileID: 3682300981636158687}
  - {fileID: 9060134203660132168}
  - {fileID: 4613060300979939316}
  - {fileID: 1010774602312065723}
  - {fileID: 6762981710150050121}
  - {fileID: 7352147708314711536}
  - {fileID: 5465796899844671744}
  - {fileID: 7177957584735507730}
  - {fileID: 4809967280890909635}
  - {fileID: 1712258696583397712}
  - {fileID: 3212886101219836472}
  - {fileID: 2904987151277161700}
  - {fileID: 7031152745623260037}
  - {fileID: 3932668444428892411}
  - {fileID: 7329440667480025814}
  - {fileID: 1447938874085491821}
  - {fileID: 6696861724400665178}
  m_Father: {fileID: 0}
  m_RootOrder: 0
  m_LocalEulerAnglesHint: {x: 0, y: 87.587, z: 0}
--- !u!33 &8315548560623411222
MeshFilter:
  m_ObjectHideFlags: 0
  m_CorrespondingSourceObject: {fileID: 0}
  m_PrefabInstance: {fileID: 0}
  m_PrefabAsset: {fileID: 0}
  m_GameObject: {fileID: 5729362000958944521}
  m_Mesh: {fileID: 91555236611646369, guid: a6ea3e14a55e8c943b154f2c8a933f66, type: 3}
--- !u!23 &6089486899656316124
MeshRenderer:
  m_ObjectHideFlags: 0
  m_CorrespondingSourceObject: {fileID: 0}
  m_PrefabInstance: {fileID: 0}
  m_PrefabAsset: {fileID: 0}
  m_GameObject: {fileID: 5729362000958944521}
  m_Enabled: 1
  m_CastShadows: 1
  m_ReceiveShadows: 1
  m_DynamicOccludee: 1
  m_StaticShadowCaster: 0
  m_MotionVectors: 1
  m_LightProbeUsage: 1
  m_ReflectionProbeUsage: 1
  m_RayTracingMode: 2
  m_RayTraceProcedural: 0
  m_RenderingLayerMask: 1
  m_RendererPriority: 0
  m_Materials:
  - {fileID: 2100000, guid: f0aa92c51b031cc448f08e9da06f038d, type: 2}
  m_StaticBatchInfo:
    firstSubMesh: 0
    subMeshCount: 0
  m_StaticBatchRoot: {fileID: 0}
  m_ProbeAnchor: {fileID: 0}
  m_LightProbeVolumeOverride: {fileID: 0}
  m_ScaleInLightmap: 1
  m_ReceiveGI: 1
  m_PreserveUVs: 0
  m_IgnoreNormalsForChartDetection: 0
  m_ImportantGI: 0
  m_StitchLightmapSeams: 1
  m_SelectedEditorRenderState: 3
  m_MinimumChartSize: 4
  m_AutoUVMaxDistance: 0.5
  m_AutoUVMaxAngle: 89
  m_LightmapParameters: {fileID: 0}
  m_SortingLayerID: 0
  m_SortingLayer: 0
  m_SortingOrder: 0
  m_AdditionalVertexStreams: {fileID: 0}
--- !u!65 &991537814578499706
BoxCollider:
  m_ObjectHideFlags: 0
  m_CorrespondingSourceObject: {fileID: 0}
  m_PrefabInstance: {fileID: 0}
  m_PrefabAsset: {fileID: 0}
  m_GameObject: {fileID: 5729362000958944521}
  m_Material: {fileID: 0}
  m_IsTrigger: 0
  m_Enabled: 0
  serializedVersion: 2
  m_Size: {x: 3.1160033, y: 0.24045451, z: 7.119089}
  m_Center: {x: 0, y: 0.120227255, z: 0}
--- !u!1001 &704363130076918283
PrefabInstance:
  m_ObjectHideFlags: 0
  serializedVersion: 2
  m_Modification:
    m_TransformParent: {fileID: 4956520142008168371}
    m_Modifications:
    - target: {fileID: 2152292039835104870, guid: 6a20c28ca060f114ea7128886b75b9f7,
        type: 3}
      propertyPath: m_RootOrder
      value: 19
      objectReference: {fileID: 0}
    - target: {fileID: 2152292039835104870, guid: 6a20c28ca060f114ea7128886b75b9f7,
        type: 3}
      propertyPath: m_LocalPosition.x
      value: 0.026123047
      objectReference: {fileID: 0}
    - target: {fileID: 2152292039835104870, guid: 6a20c28ca060f114ea7128886b75b9f7,
        type: 3}
      propertyPath: m_LocalPosition.y
      value: 4.54
      objectReference: {fileID: 0}
    - target: {fileID: 2152292039835104870, guid: 6a20c28ca060f114ea7128886b75b9f7,
        type: 3}
      propertyPath: m_LocalPosition.z
      value: -0.75811005
      objectReference: {fileID: 0}
    - target: {fileID: 2152292039835104870, guid: 6a20c28ca060f114ea7128886b75b9f7,
        type: 3}
      propertyPath: m_LocalRotation.w
      value: -0.70708644
      objectReference: {fileID: 0}
    - target: {fileID: 2152292039835104870, guid: 6a20c28ca060f114ea7128886b75b9f7,
        type: 3}
      propertyPath: m_LocalRotation.x
      value: -0
      objectReference: {fileID: 0}
    - target: {fileID: 2152292039835104870, guid: 6a20c28ca060f114ea7128886b75b9f7,
        type: 3}
      propertyPath: m_LocalRotation.y
      value: 0.7071272
      objectReference: {fileID: 0}
    - target: {fileID: 2152292039835104870, guid: 6a20c28ca060f114ea7128886b75b9f7,
        type: 3}
      propertyPath: m_LocalRotation.z
      value: -0
      objectReference: {fileID: 0}
    - target: {fileID: 2152292039835104870, guid: 6a20c28ca060f114ea7128886b75b9f7,
        type: 3}
      propertyPath: m_LocalEulerAnglesHint.x
      value: 0
      objectReference: {fileID: 0}
    - target: {fileID: 2152292039835104870, guid: 6a20c28ca060f114ea7128886b75b9f7,
        type: 3}
      propertyPath: m_LocalEulerAnglesHint.y
      value: 269.997
      objectReference: {fileID: 0}
    - target: {fileID: 2152292039835104870, guid: 6a20c28ca060f114ea7128886b75b9f7,
        type: 3}
      propertyPath: m_LocalEulerAnglesHint.z
      value: 0
      objectReference: {fileID: 0}
    - target: {fileID: 2152292039835104871, guid: 6a20c28ca060f114ea7128886b75b9f7,
        type: 3}
      propertyPath: m_Name
      value: wall rotated green ready (15)
      objectReference: {fileID: 0}
    m_RemovedComponents: []
  m_SourcePrefab: {fileID: 100100000, guid: 6a20c28ca060f114ea7128886b75b9f7, type: 3}
--- !u!4 &1447938874085491821 stripped
Transform:
  m_CorrespondingSourceObject: {fileID: 2152292039835104870, guid: 6a20c28ca060f114ea7128886b75b9f7,
    type: 3}
  m_PrefabInstance: {fileID: 704363130076918283}
  m_PrefabAsset: {fileID: 0}
--- !u!1001 &728826686810421046
PrefabInstance:
  m_ObjectHideFlags: 0
  serializedVersion: 2
  m_Modification:
    m_TransformParent: {fileID: 4956520142008168371}
    m_Modifications:
    - target: {fileID: 2152292039835104870, guid: 6a20c28ca060f114ea7128886b75b9f7,
        type: 3}
      propertyPath: m_RootOrder
      value: 13
      objectReference: {fileID: 0}
    - target: {fileID: 2152292039835104870, guid: 6a20c28ca060f114ea7128886b75b9f7,
        type: 3}
      propertyPath: m_LocalPosition.x
      value: 0.026123047
      objectReference: {fileID: 0}
    - target: {fileID: 2152292039835104870, guid: 6a20c28ca060f114ea7128886b75b9f7,
        type: 3}
      propertyPath: m_LocalPosition.y
      value: 2.3499994
      objectReference: {fileID: 0}
    - target: {fileID: 2152292039835104870, guid: 6a20c28ca060f114ea7128886b75b9f7,
        type: 3}
      propertyPath: m_LocalPosition.z
      value: 1.2143173
      objectReference: {fileID: 0}
    - target: {fileID: 2152292039835104870, guid: 6a20c28ca060f114ea7128886b75b9f7,
        type: 3}
      propertyPath: m_LocalRotation.w
      value: -0.70708644
      objectReference: {fileID: 0}
    - target: {fileID: 2152292039835104870, guid: 6a20c28ca060f114ea7128886b75b9f7,
        type: 3}
      propertyPath: m_LocalRotation.x
      value: -0
      objectReference: {fileID: 0}
    - target: {fileID: 2152292039835104870, guid: 6a20c28ca060f114ea7128886b75b9f7,
        type: 3}
      propertyPath: m_LocalRotation.y
      value: 0.7071272
      objectReference: {fileID: 0}
    - target: {fileID: 2152292039835104870, guid: 6a20c28ca060f114ea7128886b75b9f7,
        type: 3}
      propertyPath: m_LocalRotation.z
      value: -0
      objectReference: {fileID: 0}
    - target: {fileID: 2152292039835104870, guid: 6a20c28ca060f114ea7128886b75b9f7,
        type: 3}
      propertyPath: m_LocalEulerAnglesHint.x
      value: 0
      objectReference: {fileID: 0}
    - target: {fileID: 2152292039835104870, guid: 6a20c28ca060f114ea7128886b75b9f7,
        type: 3}
      propertyPath: m_LocalEulerAnglesHint.y
      value: 269.997
      objectReference: {fileID: 0}
    - target: {fileID: 2152292039835104870, guid: 6a20c28ca060f114ea7128886b75b9f7,
        type: 3}
      propertyPath: m_LocalEulerAnglesHint.z
      value: 0
      objectReference: {fileID: 0}
    - target: {fileID: 2152292039835104871, guid: 6a20c28ca060f114ea7128886b75b9f7,
        type: 3}
      propertyPath: m_Name
      value: wall rotated green ready (7)
      objectReference: {fileID: 0}
    m_RemovedComponents: []
  m_SourcePrefab: {fileID: 100100000, guid: 6a20c28ca060f114ea7128886b75b9f7, type: 3}
--- !u!4 &1712258696583397712 stripped
Transform:
  m_CorrespondingSourceObject: {fileID: 2152292039835104870, guid: 6a20c28ca060f114ea7128886b75b9f7,
    type: 3}
  m_PrefabInstance: {fileID: 728826686810421046}
  m_PrefabAsset: {fileID: 0}
--- !u!1001 &1393604079946091589
PrefabInstance:
  m_ObjectHideFlags: 0
  serializedVersion: 2
  m_Modification:
    m_TransformParent: {fileID: 4956520142008168371}
    m_Modifications:
    - target: {fileID: 5879304483350634374, guid: 1b7a0b8865e12764b9fdb8eeb84e394d,
        type: 3}
      propertyPath: m_RootOrder
      value: 12
      objectReference: {fileID: 0}
    - target: {fileID: 5879304483350634374, guid: 1b7a0b8865e12764b9fdb8eeb84e394d,
        type: 3}
      propertyPath: m_LocalPosition.x
      value: 1.2962494
      objectReference: {fileID: 0}
    - target: {fileID: 5879304483350634374, guid: 1b7a0b8865e12764b9fdb8eeb84e394d,
        type: 3}
      propertyPath: m_LocalPosition.y
      value: 2.35
      objectReference: {fileID: 0}
    - target: {fileID: 5879304483350634374, guid: 1b7a0b8865e12764b9fdb8eeb84e394d,
        type: 3}
      propertyPath: m_LocalPosition.z
      value: -1.048111
      objectReference: {fileID: 0}
    - target: {fileID: 5879304483350634374, guid: 1b7a0b8865e12764b9fdb8eeb84e394d,
        type: 3}
      propertyPath: m_LocalRotation.w
      value: 1
      objectReference: {fileID: 0}
    - target: {fileID: 5879304483350634374, guid: 1b7a0b8865e12764b9fdb8eeb84e394d,
        type: 3}
      propertyPath: m_LocalRotation.x
      value: -0
      objectReference: {fileID: 0}
    - target: {fileID: 5879304483350634374, guid: 1b7a0b8865e12764b9fdb8eeb84e394d,
        type: 3}
      propertyPath: m_LocalRotation.y
      value: 0
      objectReference: {fileID: 0}
    - target: {fileID: 5879304483350634374, guid: 1b7a0b8865e12764b9fdb8eeb84e394d,
        type: 3}
      propertyPath: m_LocalRotation.z
      value: -0
      objectReference: {fileID: 0}
    - target: {fileID: 5879304483350634374, guid: 1b7a0b8865e12764b9fdb8eeb84e394d,
        type: 3}
      propertyPath: m_LocalEulerAnglesHint.x
      value: 0
      objectReference: {fileID: 0}
    - target: {fileID: 5879304483350634374, guid: 1b7a0b8865e12764b9fdb8eeb84e394d,
        type: 3}
      propertyPath: m_LocalEulerAnglesHint.y
      value: 0
      objectReference: {fileID: 0}
    - target: {fileID: 5879304483350634374, guid: 1b7a0b8865e12764b9fdb8eeb84e394d,
        type: 3}
      propertyPath: m_LocalEulerAnglesHint.z
      value: 0
      objectReference: {fileID: 0}
    - target: {fileID: 5879304483350634375, guid: 1b7a0b8865e12764b9fdb8eeb84e394d,
        type: 3}
      propertyPath: m_Name
      value: window green ready (3)
      objectReference: {fileID: 0}
    m_RemovedComponents: []
  m_SourcePrefab: {fileID: 100100000, guid: 1b7a0b8865e12764b9fdb8eeb84e394d, type: 3}
--- !u!4 &4809967280890909635 stripped
Transform:
  m_CorrespondingSourceObject: {fileID: 5879304483350634374, guid: 1b7a0b8865e12764b9fdb8eeb84e394d,
    type: 3}
  m_PrefabInstance: {fileID: 1393604079946091589}
  m_PrefabAsset: {fileID: 0}
--- !u!1001 &1430038093620679901
PrefabInstance:
  m_ObjectHideFlags: 0
  serializedVersion: 2
  m_Modification:
    m_TransformParent: {fileID: 4956520142008168371}
    m_Modifications:
    - target: {fileID: 854022662, guid: 6a20c28ca060f114ea7128886b75b9f7, type: 3}
      propertyPath: m_IsKinematic
      value: 1
      objectReference: {fileID: 0}
    - target: {fileID: 2152292039835104870, guid: 6a20c28ca060f114ea7128886b75b9f7,
        type: 3}
      propertyPath: m_RootOrder
      value: 7
      objectReference: {fileID: 0}
    - target: {fileID: 2152292039835104870, guid: 6a20c28ca060f114ea7128886b75b9f7,
        type: 3}
      propertyPath: m_LocalPosition.x
      value: -1.2387505
      objectReference: {fileID: 0}
    - target: {fileID: 2152292039835104870, guid: 6a20c28ca060f114ea7128886b75b9f7,
        type: 3}
      propertyPath: m_LocalPosition.y
      value: 0.2404542
      objectReference: {fileID: 0}
    - target: {fileID: 2152292039835104870, guid: 6a20c28ca060f114ea7128886b75b9f7,
        type: 3}
      propertyPath: m_LocalPosition.z
      value: 1.9488907
      objectReference: {fileID: 0}
    - target: {fileID: 2152292039835104870, guid: 6a20c28ca060f114ea7128886b75b9f7,
        type: 3}
      propertyPath: m_LocalRotation.w
      value: 0.0000029504295
      objectReference: {fileID: 0}
    - target: {fileID: 2152292039835104870, guid: 6a20c28ca060f114ea7128886b75b9f7,
        type: 3}
      propertyPath: m_LocalRotation.x
      value: -0
      objectReference: {fileID: 0}
    - target: {fileID: 2152292039835104870, guid: 6a20c28ca060f114ea7128886b75b9f7,
        type: 3}
      propertyPath: m_LocalRotation.y
      value: 1
      objectReference: {fileID: 0}
    - target: {fileID: 2152292039835104870, guid: 6a20c28ca060f114ea7128886b75b9f7,
        type: 3}
      propertyPath: m_LocalRotation.z
      value: -0
      objectReference: {fileID: 0}
    - target: {fileID: 2152292039835104870, guid: 6a20c28ca060f114ea7128886b75b9f7,
        type: 3}
      propertyPath: m_LocalEulerAnglesHint.x
      value: 0
      objectReference: {fileID: 0}
    - target: {fileID: 2152292039835104870, guid: 6a20c28ca060f114ea7128886b75b9f7,
        type: 3}
      propertyPath: m_LocalEulerAnglesHint.y
      value: 180
      objectReference: {fileID: 0}
    - target: {fileID: 2152292039835104870, guid: 6a20c28ca060f114ea7128886b75b9f7,
        type: 3}
      propertyPath: m_LocalEulerAnglesHint.z
      value: 0
      objectReference: {fileID: 0}
    - target: {fileID: 2152292039835104871, guid: 6a20c28ca060f114ea7128886b75b9f7,
        type: 3}
      propertyPath: m_Name
      value: wall rotated green ready (3)
      objectReference: {fileID: 0}
    m_RemovedComponents: []
  m_SourcePrefab: {fileID: 100100000, guid: 6a20c28ca060f114ea7128886b75b9f7, type: 3}
--- !u!4 &1010774602312065723 stripped
Transform:
  m_CorrespondingSourceObject: {fileID: 2152292039835104870, guid: 6a20c28ca060f114ea7128886b75b9f7,
    type: 3}
  m_PrefabInstance: {fileID: 1430038093620679901}
  m_PrefabAsset: {fileID: 0}
--- !u!1001 &3120395487360306845
PrefabInstance:
  m_ObjectHideFlags: 0
  serializedVersion: 2
  m_Modification:
    m_TransformParent: {fileID: 4956520142008168371}
    m_Modifications:
    - target: {fileID: 2152292039835104870, guid: 6a20c28ca060f114ea7128886b75b9f7,
        type: 3}
      propertyPath: m_RootOrder
      value: 17
      objectReference: {fileID: 0}
    - target: {fileID: 2152292039835104870, guid: 6a20c28ca060f114ea7128886b75b9f7,
        type: 3}
      propertyPath: m_LocalPosition.x
      value: 1.2921181
      objectReference: {fileID: 0}
    - target: {fileID: 2152292039835104870, guid: 6a20c28ca060f114ea7128886b75b9f7,
        type: 3}
      propertyPath: m_LocalPosition.y
      value: 4.55
      objectReference: {fileID: 0}
    - target: {fileID: 2152292039835104870, guid: 6a20c28ca060f114ea7128886b75b9f7,
        type: 3}
      propertyPath: m_LocalPosition.z
      value: -2.0046844
      objectReference: {fileID: 0}
    - target: {fileID: 2152292039835104870, guid: 6a20c28ca060f114ea7128886b75b9f7,
        type: 3}
      propertyPath: m_LocalRotation.w
      value: 1
      objectReference: {fileID: 0}
    - target: {fileID: 2152292039835104870, guid: 6a20c28ca060f114ea7128886b75b9f7,
        type: 3}
      propertyPath: m_LocalRotation.x
      value: -0
      objectReference: {fileID: 0}
    - target: {fileID: 2152292039835104870, guid: 6a20c28ca060f114ea7128886b75b9f7,
        type: 3}
      propertyPath: m_LocalRotation.y
      value: 0
      objectReference: {fileID: 0}
    - target: {fileID: 2152292039835104870, guid: 6a20c28ca060f114ea7128886b75b9f7,
        type: 3}
      propertyPath: m_LocalRotation.z
      value: -0
      objectReference: {fileID: 0}
    - target: {fileID: 2152292039835104870, guid: 6a20c28ca060f114ea7128886b75b9f7,
        type: 3}
      propertyPath: m_LocalEulerAnglesHint.x
      value: 0
      objectReference: {fileID: 0}
    - target: {fileID: 2152292039835104870, guid: 6a20c28ca060f114ea7128886b75b9f7,
        type: 3}
      propertyPath: m_LocalEulerAnglesHint.y
      value: 0
      objectReference: {fileID: 0}
    - target: {fileID: 2152292039835104870, guid: 6a20c28ca060f114ea7128886b75b9f7,
        type: 3}
      propertyPath: m_LocalEulerAnglesHint.z
      value: 0
      objectReference: {fileID: 0}
    - target: {fileID: 2152292039835104871, guid: 6a20c28ca060f114ea7128886b75b9f7,
        type: 3}
      propertyPath: m_Name
      value: wall rotated green ready (13)
      objectReference: {fileID: 0}
    m_RemovedComponents: []
  m_SourcePrefab: {fileID: 100100000, guid: 6a20c28ca060f114ea7128886b75b9f7, type: 3}
--- !u!4 &3932668444428892411 stripped
Transform:
  m_CorrespondingSourceObject: {fileID: 2152292039835104870, guid: 6a20c28ca060f114ea7128886b75b9f7,
    type: 3}
  m_PrefabInstance: {fileID: 3120395487360306845}
  m_PrefabAsset: {fileID: 0}
--- !u!1001 &3551102419875804254
PrefabInstance:
  m_ObjectHideFlags: 0
  serializedVersion: 2
  m_Modification:
    m_TransformParent: {fileID: 4956520142008168371}
    m_Modifications:
    - target: {fileID: 2152292039835104870, guid: 6a20c28ca060f114ea7128886b75b9f7,
        type: 3}
      propertyPath: m_RootOrder
      value: 14
      objectReference: {fileID: 0}
    - target: {fileID: 2152292039835104870, guid: 6a20c28ca060f114ea7128886b75b9f7,
        type: 3}
      propertyPath: m_LocalPosition.x
      value: -1.2387505
      objectReference: {fileID: 0}
    - target: {fileID: 2152292039835104870, guid: 6a20c28ca060f114ea7128886b75b9f7,
        type: 3}
      propertyPath: m_LocalPosition.y
      value: 2.3499994
      objectReference: {fileID: 0}
    - target: {fileID: 2152292039835104870, guid: 6a20c28ca060f114ea7128886b75b9f7,
        type: 3}
      propertyPath: m_LocalPosition.z
      value: -0.06111145
      objectReference: {fileID: 0}
    - target: {fileID: 2152292039835104870, guid: 6a20c28ca060f114ea7128886b75b9f7,
        type: 3}
      propertyPath: m_LocalRotation.w
      value: 0.0000029504295
      objectReference: {fileID: 0}
    - target: {fileID: 2152292039835104870, guid: 6a20c28ca060f114ea7128886b75b9f7,
        type: 3}
      propertyPath: m_LocalRotation.x
      value: -0
      objectReference: {fileID: 0}
    - target: {fileID: 2152292039835104870, guid: 6a20c28ca060f114ea7128886b75b9f7,
        type: 3}
      propertyPath: m_LocalRotation.y
      value: 1
      objectReference: {fileID: 0}
    - target: {fileID: 2152292039835104870, guid: 6a20c28ca060f114ea7128886b75b9f7,
        type: 3}
      propertyPath: m_LocalRotation.z
      value: -0
      objectReference: {fileID: 0}
    - target: {fileID: 2152292039835104870, guid: 6a20c28ca060f114ea7128886b75b9f7,
        type: 3}
      propertyPath: m_LocalEulerAnglesHint.x
      value: 0
      objectReference: {fileID: 0}
    - target: {fileID: 2152292039835104870, guid: 6a20c28ca060f114ea7128886b75b9f7,
        type: 3}
      propertyPath: m_LocalEulerAnglesHint.y
      value: 180
      objectReference: {fileID: 0}
    - target: {fileID: 2152292039835104870, guid: 6a20c28ca060f114ea7128886b75b9f7,
        type: 3}
      propertyPath: m_LocalEulerAnglesHint.z
      value: 0
      objectReference: {fileID: 0}
    - target: {fileID: 2152292039835104871, guid: 6a20c28ca060f114ea7128886b75b9f7,
        type: 3}
      propertyPath: m_Name
      value: wall rotated green ready (6)
      objectReference: {fileID: 0}
    m_RemovedComponents: []
  m_SourcePrefab: {fileID: 100100000, guid: 6a20c28ca060f114ea7128886b75b9f7, type: 3}
--- !u!4 &3212886101219836472 stripped
Transform:
  m_CorrespondingSourceObject: {fileID: 2152292039835104870, guid: 6a20c28ca060f114ea7128886b75b9f7,
    type: 3}
  m_PrefabInstance: {fileID: 3551102419875804254}
  m_PrefabAsset: {fileID: 0}
--- !u!1001 &4008044394634881654
PrefabInstance:
  m_ObjectHideFlags: 0
  serializedVersion: 2
  m_Modification:
    m_TransformParent: {fileID: 4956520142008168371}
    m_Modifications:
    - target: {fileID: 872195146, guid: 1b7a0b8865e12764b9fdb8eeb84e394d, type: 3}
      propertyPath: m_IsKinematic
      value: 1
      objectReference: {fileID: 0}
    - target: {fileID: 5879304483350634374, guid: 1b7a0b8865e12764b9fdb8eeb84e394d,
        type: 3}
      propertyPath: m_RootOrder
      value: 9
      objectReference: {fileID: 0}
    - target: {fileID: 5879304483350634374, guid: 1b7a0b8865e12764b9fdb8eeb84e394d,
        type: 3}
      propertyPath: m_LocalPosition.x
      value: -1.2387505
      objectReference: {fileID: 0}
    - target: {fileID: 5879304483350634374, guid: 1b7a0b8865e12764b9fdb8eeb84e394d,
        type: 3}
      propertyPath: m_LocalPosition.y
      value: 0.24045467
      objectReference: {fileID: 0}
    - target: {fileID: 5879304483350634374, guid: 1b7a0b8865e12764b9fdb8eeb84e394d,
        type: 3}
      propertyPath: m_LocalPosition.z
      value: 0.9618912
      objectReference: {fileID: 0}
    - target: {fileID: 5879304483350634374, guid: 1b7a0b8865e12764b9fdb8eeb84e394d,
        type: 3}
      propertyPath: m_LocalRotation.w
      value: 0.0000308454
      objectReference: {fileID: 0}
    - target: {fileID: 5879304483350634374, guid: 1b7a0b8865e12764b9fdb8eeb84e394d,
        type: 3}
      propertyPath: m_LocalRotation.x
      value: -0
      objectReference: {fileID: 0}
    - target: {fileID: 5879304483350634374, guid: 1b7a0b8865e12764b9fdb8eeb84e394d,
        type: 3}
      propertyPath: m_LocalRotation.y
      value: 1
      objectReference: {fileID: 0}
    - target: {fileID: 5879304483350634374, guid: 1b7a0b8865e12764b9fdb8eeb84e394d,
        type: 3}
      propertyPath: m_LocalRotation.z
      value: -0
      objectReference: {fileID: 0}
    - target: {fileID: 5879304483350634374, guid: 1b7a0b8865e12764b9fdb8eeb84e394d,
        type: 3}
      propertyPath: m_LocalEulerAnglesHint.x
      value: 0
      objectReference: {fileID: 0}
    - target: {fileID: 5879304483350634374, guid: 1b7a0b8865e12764b9fdb8eeb84e394d,
        type: 3}
      propertyPath: m_LocalEulerAnglesHint.y
      value: 179.996
      objectReference: {fileID: 0}
    - target: {fileID: 5879304483350634374, guid: 1b7a0b8865e12764b9fdb8eeb84e394d,
        type: 3}
      propertyPath: m_LocalEulerAnglesHint.z
      value: 0
      objectReference: {fileID: 0}
    - target: {fileID: 5879304483350634375, guid: 1b7a0b8865e12764b9fdb8eeb84e394d,
        type: 3}
      propertyPath: m_Name
      value: window green ready (1)
      objectReference: {fileID: 0}
    m_RemovedComponents: []
  m_SourcePrefab: {fileID: 100100000, guid: 1b7a0b8865e12764b9fdb8eeb84e394d, type: 3}
--- !u!4 &7352147708314711536 stripped
Transform:
  m_CorrespondingSourceObject: {fileID: 5879304483350634374, guid: 1b7a0b8865e12764b9fdb8eeb84e394d,
    type: 3}
  m_PrefabInstance: {fileID: 4008044394634881654}
  m_PrefabAsset: {fileID: 0}
--- !u!1001 &4344617143956491692
PrefabInstance:
  m_ObjectHideFlags: 0
  serializedVersion: 2
  m_Modification:
    m_TransformParent: {fileID: 4956520142008168371}
    m_Modifications:
    - target: {fileID: 3833510800724320321, guid: 796c101042cfef547af48aff52626950,
        type: 3}
      propertyPath: m_Name
      value: roof circled 1x1 ready
      objectReference: {fileID: 0}
    - target: {fileID: 4755100570167729086, guid: 796c101042cfef547af48aff52626950,
        type: 3}
      propertyPath: m_RootOrder
      value: 0
      objectReference: {fileID: 0}
    - target: {fileID: 4755100570167729086, guid: 796c101042cfef547af48aff52626950,
        type: 3}
      propertyPath: m_LocalPosition.x
      value: 0.05624771
      objectReference: {fileID: 0}
    - target: {fileID: 4755100570167729086, guid: 796c101042cfef547af48aff52626950,
        type: 3}
      propertyPath: m_LocalPosition.y
      value: 6.53
      objectReference: {fileID: 0}
    - target: {fileID: 4755100570167729086, guid: 796c101042cfef547af48aff52626950,
        type: 3}
      propertyPath: m_LocalPosition.z
      value: -1.9881096
      objectReference: {fileID: 0}
    - target: {fileID: 4755100570167729086, guid: 796c101042cfef547af48aff52626950,
        type: 3}
      propertyPath: m_LocalRotation.w
      value: 1
      objectReference: {fileID: 0}
    - target: {fileID: 4755100570167729086, guid: 796c101042cfef547af48aff52626950,
        type: 3}
      propertyPath: m_LocalRotation.x
      value: -0
      objectReference: {fileID: 0}
    - target: {fileID: 4755100570167729086, guid: 796c101042cfef547af48aff52626950,
        type: 3}
      propertyPath: m_LocalRotation.y
      value: 0
      objectReference: {fileID: 0}
    - target: {fileID: 4755100570167729086, guid: 796c101042cfef547af48aff52626950,
        type: 3}
      propertyPath: m_LocalRotation.z
      value: -0
      objectReference: {fileID: 0}
    - target: {fileID: 4755100570167729086, guid: 796c101042cfef547af48aff52626950,
        type: 3}
      propertyPath: m_LocalEulerAnglesHint.x
      value: 0
      objectReference: {fileID: 0}
    - target: {fileID: 4755100570167729086, guid: 796c101042cfef547af48aff52626950,
        type: 3}
      propertyPath: m_LocalEulerAnglesHint.y
      value: 0
      objectReference: {fileID: 0}
    - target: {fileID: 4755100570167729086, guid: 796c101042cfef547af48aff52626950,
        type: 3}
      propertyPath: m_LocalEulerAnglesHint.z
      value: 0
      objectReference: {fileID: 0}
    m_RemovedComponents: []
  m_SourcePrefab: {fileID: 100100000, guid: 796c101042cfef547af48aff52626950, type: 3}
--- !u!4 &9058617368045131282 stripped
Transform:
  m_CorrespondingSourceObject: {fileID: 4755100570167729086, guid: 796c101042cfef547af48aff52626950,
    type: 3}
  m_PrefabInstance: {fileID: 4344617143956491692}
  m_PrefabAsset: {fileID: 0}
--- !u!1001 &4473714518061473284
PrefabInstance:
  m_ObjectHideFlags: 0
  serializedVersion: 2
  m_Modification:
    m_TransformParent: {fileID: 4956520142008168371}
    m_Modifications:
    - target: {fileID: 205810528, guid: fa5a1a986b24afa46a2d9c94b2b30150, type: 3}
      propertyPath: m_IsKinematic
      value: 1
      objectReference: {fileID: 0}
    - target: {fileID: 941246401205045978, guid: fa5a1a986b24afa46a2d9c94b2b30150,
        type: 3}
      propertyPath: m_Name
      value: door green ready
      objectReference: {fileID: 0}
    - target: {fileID: 941246401205045979, guid: fa5a1a986b24afa46a2d9c94b2b30150,
        type: 3}
      propertyPath: m_RootOrder
      value: 4
      objectReference: {fileID: 0}
    - target: {fileID: 941246401205045979, guid: fa5a1a986b24afa46a2d9c94b2b30150,
        type: 3}
      propertyPath: m_LocalPosition.x
      value: 1.2962494
      objectReference: {fileID: 0}
    - target: {fileID: 941246401205045979, guid: fa5a1a986b24afa46a2d9c94b2b30150,
        type: 3}
      propertyPath: m_LocalPosition.y
      value: 0.24045467
      objectReference: {fileID: 0}
    - target: {fileID: 941246401205045979, guid: fa5a1a986b24afa46a2d9c94b2b30150,
        type: 3}
      propertyPath: m_LocalPosition.z
      value: -1.0202179
      objectReference: {fileID: 0}
    - target: {fileID: 941246401205045979, guid: fa5a1a986b24afa46a2d9c94b2b30150,
        type: 3}
      propertyPath: m_LocalRotation.w
      value: 1
      objectReference: {fileID: 0}
    - target: {fileID: 941246401205045979, guid: fa5a1a986b24afa46a2d9c94b2b30150,
        type: 3}
      propertyPath: m_LocalRotation.x
      value: -0
      objectReference: {fileID: 0}
    - target: {fileID: 941246401205045979, guid: fa5a1a986b24afa46a2d9c94b2b30150,
        type: 3}
      propertyPath: m_LocalRotation.y
      value: 0
      objectReference: {fileID: 0}
    - target: {fileID: 941246401205045979, guid: fa5a1a986b24afa46a2d9c94b2b30150,
        type: 3}
      propertyPath: m_LocalRotation.z
      value: -0
      objectReference: {fileID: 0}
    - target: {fileID: 941246401205045979, guid: fa5a1a986b24afa46a2d9c94b2b30150,
        type: 3}
      propertyPath: m_LocalEulerAnglesHint.x
      value: 0
      objectReference: {fileID: 0}
    - target: {fileID: 941246401205045979, guid: fa5a1a986b24afa46a2d9c94b2b30150,
        type: 3}
      propertyPath: m_LocalEulerAnglesHint.y
      value: 0
      objectReference: {fileID: 0}
    - target: {fileID: 941246401205045979, guid: fa5a1a986b24afa46a2d9c94b2b30150,
        type: 3}
      propertyPath: m_LocalEulerAnglesHint.z
      value: 0
      objectReference: {fileID: 0}
    m_RemovedComponents: []
  m_SourcePrefab: {fileID: 100100000, guid: fa5a1a986b24afa46a2d9c94b2b30150, type: 3}
--- !u!4 &3682300981636158687 stripped
Transform:
  m_CorrespondingSourceObject: {fileID: 941246401205045979, guid: fa5a1a986b24afa46a2d9c94b2b30150,
    type: 3}
  m_PrefabInstance: {fileID: 4473714518061473284}
  m_PrefabAsset: {fileID: 0}
--- !u!1001 &4612963910259087151
PrefabInstance:
  m_ObjectHideFlags: 0
  serializedVersion: 2
  m_Modification:
    m_TransformParent: {fileID: 4956520142008168371}
    m_Modifications:
    - target: {fileID: 854022662, guid: 6a20c28ca060f114ea7128886b75b9f7, type: 3}
      propertyPath: m_IsKinematic
      value: 1
      objectReference: {fileID: 0}
    - target: {fileID: 2152292039835104870, guid: 6a20c28ca060f114ea7128886b75b9f7,
        type: 3}
      propertyPath: m_RootOrder
      value: 8
      objectReference: {fileID: 0}
    - target: {fileID: 2152292039835104870, guid: 6a20c28ca060f114ea7128886b75b9f7,
        type: 3}
      propertyPath: m_LocalPosition.x
      value: 0.026123047
      objectReference: {fileID: 0}
    - target: {fileID: 2152292039835104870, guid: 6a20c28ca060f114ea7128886b75b9f7,
        type: 3}
      propertyPath: m_LocalPosition.y
      value: 0.2404542
      objectReference: {fileID: 0}
    - target: {fileID: 2152292039835104870, guid: 6a20c28ca060f114ea7128886b75b9f7,
        type: 3}
      propertyPath: m_LocalPosition.z
      value: 3.2243195
      objectReference: {fileID: 0}
    - target: {fileID: 2152292039835104870, guid: 6a20c28ca060f114ea7128886b75b9f7,
        type: 3}
      propertyPath: m_LocalRotation.w
      value: -0.70708644
      objectReference: {fileID: 0}
    - target: {fileID: 2152292039835104870, guid: 6a20c28ca060f114ea7128886b75b9f7,
        type: 3}
      propertyPath: m_LocalRotation.x
      value: -0
      objectReference: {fileID: 0}
    - target: {fileID: 2152292039835104870, guid: 6a20c28ca060f114ea7128886b75b9f7,
        type: 3}
      propertyPath: m_LocalRotation.y
      value: 0.7071272
      objectReference: {fileID: 0}
    - target: {fileID: 2152292039835104870, guid: 6a20c28ca060f114ea7128886b75b9f7,
        type: 3}
      propertyPath: m_LocalRotation.z
      value: -0
      objectReference: {fileID: 0}
    - target: {fileID: 2152292039835104870, guid: 6a20c28ca060f114ea7128886b75b9f7,
        type: 3}
      propertyPath: m_LocalEulerAnglesHint.x
      value: 0
      objectReference: {fileID: 0}
    - target: {fileID: 2152292039835104870, guid: 6a20c28ca060f114ea7128886b75b9f7,
        type: 3}
      propertyPath: m_LocalEulerAnglesHint.y
      value: 269.997
      objectReference: {fileID: 0}
    - target: {fileID: 2152292039835104870, guid: 6a20c28ca060f114ea7128886b75b9f7,
        type: 3}
      propertyPath: m_LocalEulerAnglesHint.z
      value: 0
      objectReference: {fileID: 0}
    - target: {fileID: 2152292039835104871, guid: 6a20c28ca060f114ea7128886b75b9f7,
        type: 3}
      propertyPath: m_Name
      value: wall rotated green ready (2)
      objectReference: {fileID: 0}
    m_RemovedComponents: []
  m_SourcePrefab: {fileID: 100100000, guid: 6a20c28ca060f114ea7128886b75b9f7, type: 3}
--- !u!4 &6762981710150050121 stripped
Transform:
  m_CorrespondingSourceObject: {fileID: 2152292039835104870, guid: 6a20c28ca060f114ea7128886b75b9f7,
    type: 3}
  m_PrefabInstance: {fileID: 4612963910259087151}
  m_PrefabAsset: {fileID: 0}
--- !u!1001 &4696817309162566716
PrefabInstance:
  m_ObjectHideFlags: 0
  serializedVersion: 2
  m_Modification:
    m_TransformParent: {fileID: 4956520142008168371}
    m_Modifications:
    - target: {fileID: 2152292039835104870, guid: 6a20c28ca060f114ea7128886b75b9f7,
        type: 3}
      propertyPath: m_RootOrder
      value: 20
      objectReference: {fileID: 0}
    - target: {fileID: 2152292039835104870, guid: 6a20c28ca060f114ea7128886b75b9f7,
        type: 3}
      propertyPath: m_LocalPosition.x
      value: -1.2387505
      objectReference: {fileID: 0}
    - target: {fileID: 2152292039835104870, guid: 6a20c28ca060f114ea7128886b75b9f7,
        type: 3}
      propertyPath: m_LocalPosition.y
      value: 4.54
      objectReference: {fileID: 0}
    - target: {fileID: 2152292039835104870, guid: 6a20c28ca060f114ea7128886b75b9f7,
        type: 3}
      propertyPath: m_LocalPosition.z
      value: -2.0335388
      objectReference: {fileID: 0}
    - target: {fileID: 2152292039835104870, guid: 6a20c28ca060f114ea7128886b75b9f7,
        type: 3}
      propertyPath: m_LocalRotation.w
      value: 0.0000029504295
      objectReference: {fileID: 0}
    - target: {fileID: 2152292039835104870, guid: 6a20c28ca060f114ea7128886b75b9f7,
        type: 3}
      propertyPath: m_LocalRotation.x
      value: -0
      objectReference: {fileID: 0}
    - target: {fileID: 2152292039835104870, guid: 6a20c28ca060f114ea7128886b75b9f7,
        type: 3}
      propertyPath: m_LocalRotation.y
      value: 1
      objectReference: {fileID: 0}
    - target: {fileID: 2152292039835104870, guid: 6a20c28ca060f114ea7128886b75b9f7,
        type: 3}
      propertyPath: m_LocalRotation.z
      value: -0
      objectReference: {fileID: 0}
    - target: {fileID: 2152292039835104870, guid: 6a20c28ca060f114ea7128886b75b9f7,
        type: 3}
      propertyPath: m_LocalEulerAnglesHint.x
      value: 0
      objectReference: {fileID: 0}
    - target: {fileID: 2152292039835104870, guid: 6a20c28ca060f114ea7128886b75b9f7,
        type: 3}
      propertyPath: m_LocalEulerAnglesHint.y
      value: 180
      objectReference: {fileID: 0}
    - target: {fileID: 2152292039835104870, guid: 6a20c28ca060f114ea7128886b75b9f7,
        type: 3}
      propertyPath: m_LocalEulerAnglesHint.z
      value: 0
      objectReference: {fileID: 0}
    - target: {fileID: 2152292039835104871, guid: 6a20c28ca060f114ea7128886b75b9f7,
        type: 3}
      propertyPath: m_Name
      value: wall rotated green ready (14)
      objectReference: {fileID: 0}
    m_RemovedComponents: []
  m_SourcePrefab: {fileID: 100100000, guid: 6a20c28ca060f114ea7128886b75b9f7, type: 3}
--- !u!4 &6696861724400665178 stripped
Transform:
  m_CorrespondingSourceObject: {fileID: 2152292039835104870, guid: 6a20c28ca060f114ea7128886b75b9f7,
    type: 3}
  m_PrefabInstance: {fileID: 4696817309162566716}
  m_PrefabAsset: {fileID: 0}
--- !u!1001 &6198100318977916774
PrefabInstance:
  m_ObjectHideFlags: 0
  serializedVersion: 2
  m_Modification:
    m_TransformParent: {fileID: 4956520142008168371}
    m_Modifications:
    - target: {fileID: 2152292039835104870, guid: 6a20c28ca060f114ea7128886b75b9f7,
        type: 3}
      propertyPath: m_RootOrder
      value: 10
      objectReference: {fileID: 0}
    - target: {fileID: 2152292039835104870, guid: 6a20c28ca060f114ea7128886b75b9f7,
        type: 3}
      propertyPath: m_LocalPosition.x
      value: 1.2921181
      objectReference: {fileID: 0}
    - target: {fileID: 2152292039835104870, guid: 6a20c28ca060f114ea7128886b75b9f7,
        type: 3}
      propertyPath: m_LocalPosition.y
      value: 2.35
      objectReference: {fileID: 0}
    - target: {fileID: 2152292039835104870, guid: 6a20c28ca060f114ea7128886b75b9f7,
        type: 3}
      propertyPath: m_LocalPosition.z
      value: -2.0046844
      objectReference: {fileID: 0}
    - target: {fileID: 2152292039835104870, guid: 6a20c28ca060f114ea7128886b75b9f7,
        type: 3}
      propertyPath: m_LocalRotation.w
      value: 1
      objectReference: {fileID: 0}
    - target: {fileID: 2152292039835104870, guid: 6a20c28ca060f114ea7128886b75b9f7,
        type: 3}
      propertyPath: m_LocalRotation.x
      value: -0
      objectReference: {fileID: 0}
    - target: {fileID: 2152292039835104870, guid: 6a20c28ca060f114ea7128886b75b9f7,
        type: 3}
      propertyPath: m_LocalRotation.y
      value: 0
      objectReference: {fileID: 0}
    - target: {fileID: 2152292039835104870, guid: 6a20c28ca060f114ea7128886b75b9f7,
        type: 3}
      propertyPath: m_LocalRotation.z
      value: -0
      objectReference: {fileID: 0}
    - target: {fileID: 2152292039835104870, guid: 6a20c28ca060f114ea7128886b75b9f7,
        type: 3}
      propertyPath: m_LocalEulerAnglesHint.x
      value: 0
      objectReference: {fileID: 0}
    - target: {fileID: 2152292039835104870, guid: 6a20c28ca060f114ea7128886b75b9f7,
        type: 3}
      propertyPath: m_LocalEulerAnglesHint.y
      value: 0
      objectReference: {fileID: 0}
    - target: {fileID: 2152292039835104870, guid: 6a20c28ca060f114ea7128886b75b9f7,
        type: 3}
      propertyPath: m_LocalEulerAnglesHint.z
      value: 0
      objectReference: {fileID: 0}
    - target: {fileID: 2152292039835104871, guid: 6a20c28ca060f114ea7128886b75b9f7,
        type: 3}
      propertyPath: m_Name
      value: wall rotated green ready (5)
      objectReference: {fileID: 0}
    m_RemovedComponents: []
  m_SourcePrefab: {fileID: 100100000, guid: 6a20c28ca060f114ea7128886b75b9f7, type: 3}
--- !u!4 &5465796899844671744 stripped
Transform:
  m_CorrespondingSourceObject: {fileID: 2152292039835104870, guid: 6a20c28ca060f114ea7128886b75b9f7,
    type: 3}
  m_PrefabInstance: {fileID: 6198100318977916774}
  m_PrefabAsset: {fileID: 0}
--- !u!1001 &6602006770487214602
PrefabInstance:
  m_ObjectHideFlags: 0
  serializedVersion: 2
  m_Modification:
    m_TransformParent: {fileID: 4956520142008168371}
    m_Modifications:
    - target: {fileID: 872195146, guid: 1b7a0b8865e12764b9fdb8eeb84e394d, type: 3}
      propertyPath: m_IsKinematic
      value: 1
      objectReference: {fileID: 0}
    - target: {fileID: 5879304483350634374, guid: 1b7a0b8865e12764b9fdb8eeb84e394d,
        type: 3}
      propertyPath: m_RootOrder
      value: 3
      objectReference: {fileID: 0}
    - target: {fileID: 5879304483350634374, guid: 1b7a0b8865e12764b9fdb8eeb84e394d,
        type: 3}
      propertyPath: m_LocalPosition.x
      value: 1.2962494
      objectReference: {fileID: 0}
    - target: {fileID: 5879304483350634374, guid: 1b7a0b8865e12764b9fdb8eeb84e394d,
        type: 3}
      propertyPath: m_LocalPosition.y
      value: 0.24045467
      objectReference: {fileID: 0}
    - target: {fileID: 5879304483350634374, guid: 1b7a0b8865e12764b9fdb8eeb84e394d,
        type: 3}
      propertyPath: m_LocalPosition.z
      value: 0.9618912
      objectReference: {fileID: 0}
    - target: {fileID: 5879304483350634374, guid: 1b7a0b8865e12764b9fdb8eeb84e394d,
        type: 3}
      propertyPath: m_LocalRotation.w
      value: 1
      objectReference: {fileID: 0}
    - target: {fileID: 5879304483350634374, guid: 1b7a0b8865e12764b9fdb8eeb84e394d,
        type: 3}
      propertyPath: m_LocalRotation.x
      value: -0
      objectReference: {fileID: 0}
    - target: {fileID: 5879304483350634374, guid: 1b7a0b8865e12764b9fdb8eeb84e394d,
        type: 3}
      propertyPath: m_LocalRotation.y
      value: 0
      objectReference: {fileID: 0}
    - target: {fileID: 5879304483350634374, guid: 1b7a0b8865e12764b9fdb8eeb84e394d,
        type: 3}
      propertyPath: m_LocalRotation.z
      value: -0
      objectReference: {fileID: 0}
    - target: {fileID: 5879304483350634374, guid: 1b7a0b8865e12764b9fdb8eeb84e394d,
        type: 3}
      propertyPath: m_LocalEulerAnglesHint.x
      value: 0
      objectReference: {fileID: 0}
    - target: {fileID: 5879304483350634374, guid: 1b7a0b8865e12764b9fdb8eeb84e394d,
        type: 3}
      propertyPath: m_LocalEulerAnglesHint.y
      value: 0
      objectReference: {fileID: 0}
    - target: {fileID: 5879304483350634374, guid: 1b7a0b8865e12764b9fdb8eeb84e394d,
        type: 3}
      propertyPath: m_LocalEulerAnglesHint.z
      value: 0
      objectReference: {fileID: 0}
    - target: {fileID: 5879304483350634375, guid: 1b7a0b8865e12764b9fdb8eeb84e394d,
        type: 3}
      propertyPath: m_Name
      value: window green ready
      objectReference: {fileID: 0}
    m_RemovedComponents: []
  m_SourcePrefab: {fileID: 100100000, guid: 1b7a0b8865e12764b9fdb8eeb84e394d, type: 3}
--- !u!4 &722957941587877260 stripped
Transform:
  m_CorrespondingSourceObject: {fileID: 5879304483350634374, guid: 1b7a0b8865e12764b9fdb8eeb84e394d,
    type: 3}
  m_PrefabInstance: {fileID: 6602006770487214602}
  m_PrefabAsset: {fileID: 0}
--- !u!1001 &6762889124750299538
PrefabInstance:
  m_ObjectHideFlags: 0
  serializedVersion: 2
  m_Modification:
    m_TransformParent: {fileID: 4956520142008168371}
    m_Modifications:
    - target: {fileID: 854022662, guid: 6a20c28ca060f114ea7128886b75b9f7, type: 3}
      propertyPath: m_IsKinematic
      value: 1
      objectReference: {fileID: 0}
    - target: {fileID: 2152292039835104870, guid: 6a20c28ca060f114ea7128886b75b9f7,
        type: 3}
      propertyPath: m_RootOrder
      value: 6
      objectReference: {fileID: 0}
    - target: {fileID: 2152292039835104870, guid: 6a20c28ca060f114ea7128886b75b9f7,
        type: 3}
      propertyPath: m_LocalPosition.x
      value: 0.027248383
      objectReference: {fileID: 0}
    - target: {fileID: 2152292039835104870, guid: 6a20c28ca060f114ea7128886b75b9f7,
        type: 3}
      propertyPath: m_LocalPosition.y
      value: 0.2404542
      objectReference: {fileID: 0}
    - target: {fileID: 2152292039835104870, guid: 6a20c28ca060f114ea7128886b75b9f7,
        type: 3}
      propertyPath: m_LocalPosition.z
      value: -3.2801094
      objectReference: {fileID: 0}
    - target: {fileID: 2152292039835104870, guid: 6a20c28ca060f114ea7128886b75b9f7,
        type: 3}
      propertyPath: m_LocalRotation.w
      value: 0.7071251
      objectReference: {fileID: 0}
    - target: {fileID: 2152292039835104870, guid: 6a20c28ca060f114ea7128886b75b9f7,
        type: 3}
      propertyPath: m_LocalRotation.x
      value: -0
      objectReference: {fileID: 0}
    - target: {fileID: 2152292039835104870, guid: 6a20c28ca060f114ea7128886b75b9f7,
        type: 3}
      propertyPath: m_LocalRotation.y
      value: 0.7070885
      objectReference: {fileID: 0}
    - target: {fileID: 2152292039835104870, guid: 6a20c28ca060f114ea7128886b75b9f7,
        type: 3}
      propertyPath: m_LocalRotation.z
      value: -0
      objectReference: {fileID: 0}
    - target: {fileID: 2152292039835104870, guid: 6a20c28ca060f114ea7128886b75b9f7,
        type: 3}
      propertyPath: m_LocalEulerAnglesHint.x
      value: 0
      objectReference: {fileID: 0}
    - target: {fileID: 2152292039835104870, guid: 6a20c28ca060f114ea7128886b75b9f7,
        type: 3}
      propertyPath: m_LocalEulerAnglesHint.y
      value: 89.997
      objectReference: {fileID: 0}
    - target: {fileID: 2152292039835104870, guid: 6a20c28ca060f114ea7128886b75b9f7,
        type: 3}
      propertyPath: m_LocalEulerAnglesHint.z
      value: 0
      objectReference: {fileID: 0}
    - target: {fileID: 2152292039835104871, guid: 6a20c28ca060f114ea7128886b75b9f7,
        type: 3}
      propertyPath: m_Name
      value: wall rotated green ready (1)
      objectReference: {fileID: 0}
    m_RemovedComponents: []
  m_SourcePrefab: {fileID: 100100000, guid: 6a20c28ca060f114ea7128886b75b9f7, type: 3}
--- !u!4 &4613060300979939316 stripped
Transform:
  m_CorrespondingSourceObject: {fileID: 2152292039835104870, guid: 6a20c28ca060f114ea7128886b75b9f7,
    type: 3}
  m_PrefabInstance: {fileID: 6762889124750299538}
  m_PrefabAsset: {fileID: 0}
--- !u!1001 &6878334356630209805
PrefabInstance:
  m_ObjectHideFlags: 0
  serializedVersion: 2
  m_Modification:
    m_TransformParent: {fileID: 4956520142008168371}
    m_Modifications:
    - target: {fileID: 2093646315, guid: 47ef50f5c213d52409539ddd2dc0c749, type: 3}
      propertyPath: m_IsKinematic
      value: 1
      objectReference: {fileID: 0}
    - target: {fileID: 7522591370814419632, guid: 47ef50f5c213d52409539ddd2dc0c749,
        type: 3}
      propertyPath: m_RootOrder
      value: 2
      objectReference: {fileID: 0}
    - target: {fileID: 7522591370814419632, guid: 47ef50f5c213d52409539ddd2dc0c749,
        type: 3}
      propertyPath: m_LocalPosition.x
      value: -1.2387505
      objectReference: {fileID: 0}
    - target: {fileID: 7522591370814419632, guid: 47ef50f5c213d52409539ddd2dc0c749,
        type: 3}
      propertyPath: m_LocalPosition.y
      value: 0.24045467
      objectReference: {fileID: 0}
    - target: {fileID: 7522591370814419632, guid: 47ef50f5c213d52409539ddd2dc0c749,
        type: 3}
      propertyPath: m_LocalPosition.z
      value: -1.0181084
      objectReference: {fileID: 0}
    - target: {fileID: 7522591370814419632, guid: 47ef50f5c213d52409539ddd2dc0c749,
        type: 3}
      propertyPath: m_LocalRotation.w
      value: 1
      objectReference: {fileID: 0}
    - target: {fileID: 7522591370814419632, guid: 47ef50f5c213d52409539ddd2dc0c749,
        type: 3}
      propertyPath: m_LocalRotation.x
      value: -0
      objectReference: {fileID: 0}
    - target: {fileID: 7522591370814419632, guid: 47ef50f5c213d52409539ddd2dc0c749,
        type: 3}
      propertyPath: m_LocalRotation.y
      value: 0
      objectReference: {fileID: 0}
    - target: {fileID: 7522591370814419632, guid: 47ef50f5c213d52409539ddd2dc0c749,
        type: 3}
      propertyPath: m_LocalRotation.z
      value: -0
      objectReference: {fileID: 0}
    - target: {fileID: 7522591370814419632, guid: 47ef50f5c213d52409539ddd2dc0c749,
        type: 3}
      propertyPath: m_LocalEulerAnglesHint.x
      value: 0
      objectReference: {fileID: 0}
    - target: {fileID: 7522591370814419632, guid: 47ef50f5c213d52409539ddd2dc0c749,
        type: 3}
      propertyPath: m_LocalEulerAnglesHint.y
      value: 0
      objectReference: {fileID: 0}
    - target: {fileID: 7522591370814419632, guid: 47ef50f5c213d52409539ddd2dc0c749,
        type: 3}
      propertyPath: m_LocalEulerAnglesHint.z
      value: 0
      objectReference: {fileID: 0}
    - target: {fileID: 7522591370814419635, guid: 47ef50f5c213d52409539ddd2dc0c749,
        type: 3}
      propertyPath: m_Name
      value: wall green ready
      objectReference: {fileID: 0}
    m_RemovedComponents: []
  m_SourcePrefab: {fileID: 100100000, guid: 47ef50f5c213d52409539ddd2dc0c749, type: 3}
--- !u!4 &3968054285261928381 stripped
Transform:
  m_CorrespondingSourceObject: {fileID: 7522591370814419632, guid: 47ef50f5c213d52409539ddd2dc0c749,
    type: 3}
  m_PrefabInstance: {fileID: 6878334356630209805}
  m_PrefabAsset: {fileID: 0}
--- !u!1001 &6945230376151476526
PrefabInstance:
  m_ObjectHideFlags: 0
  serializedVersion: 2
  m_Modification:
    m_TransformParent: {fileID: 4956520142008168371}
    m_Modifications:
    - target: {fileID: 854022662, guid: 6a20c28ca060f114ea7128886b75b9f7, type: 3}
      propertyPath: m_IsKinematic
      value: 1
      objectReference: {fileID: 0}
    - target: {fileID: 2152292039835104870, guid: 6a20c28ca060f114ea7128886b75b9f7,
        type: 3}
      propertyPath: m_RootOrder
      value: 5
      objectReference: {fileID: 0}
    - target: {fileID: 2152292039835104870, guid: 6a20c28ca060f114ea7128886b75b9f7,
        type: 3}
      propertyPath: m_LocalPosition.x
      value: 1.2921181
      objectReference: {fileID: 0}
    - target: {fileID: 2152292039835104870, guid: 6a20c28ca060f114ea7128886b75b9f7,
        type: 3}
      propertyPath: m_LocalPosition.y
      value: 0.2404542
      objectReference: {fileID: 0}
    - target: {fileID: 2152292039835104870, guid: 6a20c28ca060f114ea7128886b75b9f7,
        type: 3}
      propertyPath: m_LocalPosition.z
      value: -2.0046844
      objectReference: {fileID: 0}
    - target: {fileID: 2152292039835104870, guid: 6a20c28ca060f114ea7128886b75b9f7,
        type: 3}
      propertyPath: m_LocalRotation.w
      value: 1
      objectReference: {fileID: 0}
    - target: {fileID: 2152292039835104870, guid: 6a20c28ca060f114ea7128886b75b9f7,
        type: 3}
      propertyPath: m_LocalRotation.x
      value: -0
      objectReference: {fileID: 0}
    - target: {fileID: 2152292039835104870, guid: 6a20c28ca060f114ea7128886b75b9f7,
        type: 3}
      propertyPath: m_LocalRotation.y
      value: 0
      objectReference: {fileID: 0}
    - target: {fileID: 2152292039835104870, guid: 6a20c28ca060f114ea7128886b75b9f7,
        type: 3}
      propertyPath: m_LocalRotation.z
      value: -0
      objectReference: {fileID: 0}
    - target: {fileID: 2152292039835104870, guid: 6a20c28ca060f114ea7128886b75b9f7,
        type: 3}
      propertyPath: m_LocalEulerAnglesHint.x
      value: 0
      objectReference: {fileID: 0}
    - target: {fileID: 2152292039835104870, guid: 6a20c28ca060f114ea7128886b75b9f7,
        type: 3}
      propertyPath: m_LocalEulerAnglesHint.y
      value: 0
      objectReference: {fileID: 0}
    - target: {fileID: 2152292039835104870, guid: 6a20c28ca060f114ea7128886b75b9f7,
        type: 3}
      propertyPath: m_LocalEulerAnglesHint.z
      value: 0
      objectReference: {fileID: 0}
    - target: {fileID: 2152292039835104871, guid: 6a20c28ca060f114ea7128886b75b9f7,
        type: 3}
      propertyPath: m_Name
      value: wall rotated green ready
      objectReference: {fileID: 0}
    m_RemovedComponents: []
  m_SourcePrefab: {fileID: 100100000, guid: 6a20c28ca060f114ea7128886b75b9f7, type: 3}
--- !u!4 &9060134203660132168 stripped
Transform:
  m_CorrespondingSourceObject: {fileID: 2152292039835104870, guid: 6a20c28ca060f114ea7128886b75b9f7,
    type: 3}
  m_PrefabInstance: {fileID: 6945230376151476526}
  m_PrefabAsset: {fileID: 0}
--- !u!1001 &7783998172299691289
PrefabInstance:
  m_ObjectHideFlags: 0
  serializedVersion: 2
  m_Modification:
    m_TransformParent: {fileID: 4956520142008168371}
    m_Modifications:
    - target: {fileID: 4984688452403428407, guid: b19ea8bf73fce1b489c09c594c3e5316,
        type: 3}
      propertyPath: m_Name
      value: platform 1x3 circled ready
      objectReference: {fileID: 0}
    - target: {fileID: 4984688452403428408, guid: b19ea8bf73fce1b489c09c594c3e5316,
        type: 3}
      propertyPath: m_RootOrder
      value: 1
      objectReference: {fileID: 0}
    - target: {fileID: 4984688452403428408, guid: b19ea8bf73fce1b489c09c594c3e5316,
        type: 3}
      propertyPath: m_LocalPosition.x
      value: 0
      objectReference: {fileID: 0}
    - target: {fileID: 4984688452403428408, guid: b19ea8bf73fce1b489c09c594c3e5316,
        type: 3}
      propertyPath: m_LocalPosition.y
      value: 2.16
      objectReference: {fileID: 0}
    - target: {fileID: 4984688452403428408, guid: b19ea8bf73fce1b489c09c594c3e5316,
        type: 3}
      propertyPath: m_LocalPosition.z
      value: 0
      objectReference: {fileID: 0}
    - target: {fileID: 4984688452403428408, guid: b19ea8bf73fce1b489c09c594c3e5316,
        type: 3}
      propertyPath: m_LocalRotation.w
      value: 1
      objectReference: {fileID: 0}
    - target: {fileID: 4984688452403428408, guid: b19ea8bf73fce1b489c09c594c3e5316,
        type: 3}
      propertyPath: m_LocalRotation.x
      value: -0
      objectReference: {fileID: 0}
    - target: {fileID: 4984688452403428408, guid: b19ea8bf73fce1b489c09c594c3e5316,
        type: 3}
      propertyPath: m_LocalRotation.y
      value: 0
      objectReference: {fileID: 0}
    - target: {fileID: 4984688452403428408, guid: b19ea8bf73fce1b489c09c594c3e5316,
        type: 3}
      propertyPath: m_LocalRotation.z
      value: -0
      objectReference: {fileID: 0}
    - target: {fileID: 4984688452403428408, guid: b19ea8bf73fce1b489c09c594c3e5316,
        type: 3}
      propertyPath: m_LocalEulerAnglesHint.x
      value: 0
      objectReference: {fileID: 0}
    - target: {fileID: 4984688452403428408, guid: b19ea8bf73fce1b489c09c594c3e5316,
        type: 3}
      propertyPath: m_LocalEulerAnglesHint.y
      value: 0
      objectReference: {fileID: 0}
    - target: {fileID: 4984688452403428408, guid: b19ea8bf73fce1b489c09c594c3e5316,
        type: 3}
      propertyPath: m_LocalEulerAnglesHint.z
      value: 0
      objectReference: {fileID: 0}
    m_RemovedComponents: []
  m_SourcePrefab: {fileID: 100100000, guid: b19ea8bf73fce1b489c09c594c3e5316, type: 3}
--- !u!4 &2966599625979066657 stripped
Transform:
  m_CorrespondingSourceObject: {fileID: 4984688452403428408, guid: b19ea8bf73fce1b489c09c594c3e5316,
    type: 3}
  m_PrefabInstance: {fileID: 7783998172299691289}
  m_PrefabAsset: {fileID: 0}
--- !u!1001 &8059802090019257545
PrefabInstance:
  m_ObjectHideFlags: 0
  serializedVersion: 2
  m_Modification:
    m_TransformParent: {fileID: 4956520142008168371}
    m_Modifications:
    - target: {fileID: 1029502867153581900, guid: 8efd1dd49d2a86641928ae4a02747465,
        type: 3}
      propertyPath: m_RootOrder
      value: 16
      objectReference: {fileID: 0}
    - target: {fileID: 1029502867153581900, guid: 8efd1dd49d2a86641928ae4a02747465,
        type: 3}
      propertyPath: m_LocalPosition.x
      value: 0.04924774
      objectReference: {fileID: 0}
    - target: {fileID: 1029502867153581900, guid: 8efd1dd49d2a86641928ae4a02747465,
        type: 3}
      propertyPath: m_LocalPosition.y
      value: 4.35
      objectReference: {fileID: 0}
    - target: {fileID: 1029502867153581900, guid: 8efd1dd49d2a86641928ae4a02747465,
        type: 3}
      propertyPath: m_LocalPosition.z
      value: -0.9981079
      objectReference: {fileID: 0}
    - target: {fileID: 1029502867153581900, guid: 8efd1dd49d2a86641928ae4a02747465,
        type: 3}
      propertyPath: m_LocalRotation.w
      value: 1
      objectReference: {fileID: 0}
    - target: {fileID: 1029502867153581900, guid: 8efd1dd49d2a86641928ae4a02747465,
        type: 3}
      propertyPath: m_LocalRotation.x
      value: -0
      objectReference: {fileID: 0}
    - target: {fileID: 1029502867153581900, guid: 8efd1dd49d2a86641928ae4a02747465,
        type: 3}
      propertyPath: m_LocalRotation.y
      value: 0
      objectReference: {fileID: 0}
    - target: {fileID: 1029502867153581900, guid: 8efd1dd49d2a86641928ae4a02747465,
        type: 3}
      propertyPath: m_LocalRotation.z
      value: -0
      objectReference: {fileID: 0}
    - target: {fileID: 1029502867153581900, guid: 8efd1dd49d2a86641928ae4a02747465,
        type: 3}
      propertyPath: m_LocalEulerAnglesHint.x
      value: 0
      objectReference: {fileID: 0}
    - target: {fileID: 1029502867153581900, guid: 8efd1dd49d2a86641928ae4a02747465,
        type: 3}
      propertyPath: m_LocalEulerAnglesHint.y
      value: 0
      objectReference: {fileID: 0}
    - target: {fileID: 1029502867153581900, guid: 8efd1dd49d2a86641928ae4a02747465,
        type: 3}
      propertyPath: m_LocalEulerAnglesHint.z
      value: 0
      objectReference: {fileID: 0}
    - target: {fileID: 1029502867153581901, guid: 8efd1dd49d2a86641928ae4a02747465,
        type: 3}
      propertyPath: m_Name
      value: platform 1x2 circled ready (1)
      objectReference: {fileID: 0}
    m_RemovedComponents: []
  m_SourcePrefab: {fileID: 100100000, guid: 8efd1dd49d2a86641928ae4a02747465, type: 3}
--- !u!4 &7031152745623260037 stripped
Transform:
  m_CorrespondingSourceObject: {fileID: 1029502867153581900, guid: 8efd1dd49d2a86641928ae4a02747465,
    type: 3}
  m_PrefabInstance: {fileID: 8059802090019257545}
  m_PrefabAsset: {fileID: 0}
--- !u!1001 &8676498321247263920
PrefabInstance:
  m_ObjectHideFlags: 0
  serializedVersion: 2
  m_Modification:
    m_TransformParent: {fileID: 4956520142008168371}
    m_Modifications:
    - target: {fileID: 2152292039835104870, guid: 6a20c28ca060f114ea7128886b75b9f7,
        type: 3}
      propertyPath: m_RootOrder
      value: 18
      objectReference: {fileID: 0}
    - target: {fileID: 2152292039835104870, guid: 6a20c28ca060f114ea7128886b75b9f7,
        type: 3}
      propertyPath: m_LocalPosition.x
      value: 0.027248383
      objectReference: {fileID: 0}
    - target: {fileID: 2152292039835104870, guid: 6a20c28ca060f114ea7128886b75b9f7,
        type: 3}
      propertyPath: m_LocalPosition.y
      value: 4.55
      objectReference: {fileID: 0}
    - target: {fileID: 2152292039835104870, guid: 6a20c28ca060f114ea7128886b75b9f7,
        type: 3}
      propertyPath: m_LocalPosition.z
      value: -3.2801094
      objectReference: {fileID: 0}
    - target: {fileID: 2152292039835104870, guid: 6a20c28ca060f114ea7128886b75b9f7,
        type: 3}
      propertyPath: m_LocalRotation.w
      value: 0.7071251
      objectReference: {fileID: 0}
    - target: {fileID: 2152292039835104870, guid: 6a20c28ca060f114ea7128886b75b9f7,
        type: 3}
      propertyPath: m_LocalRotation.x
      value: -0
      objectReference: {fileID: 0}
    - target: {fileID: 2152292039835104870, guid: 6a20c28ca060f114ea7128886b75b9f7,
        type: 3}
      propertyPath: m_LocalRotation.y
      value: 0.7070885
      objectReference: {fileID: 0}
    - target: {fileID: 2152292039835104870, guid: 6a20c28ca060f114ea7128886b75b9f7,
        type: 3}
      propertyPath: m_LocalRotation.z
      value: -0
      objectReference: {fileID: 0}
    - target: {fileID: 2152292039835104870, guid: 6a20c28ca060f114ea7128886b75b9f7,
        type: 3}
      propertyPath: m_LocalEulerAnglesHint.x
      value: 0
      objectReference: {fileID: 0}
    - target: {fileID: 2152292039835104870, guid: 6a20c28ca060f114ea7128886b75b9f7,
        type: 3}
      propertyPath: m_LocalEulerAnglesHint.y
      value: 89.997
      objectReference: {fileID: 0}
    - target: {fileID: 2152292039835104870, guid: 6a20c28ca060f114ea7128886b75b9f7,
        type: 3}
      propertyPath: m_LocalEulerAnglesHint.z
      value: 0
      objectReference: {fileID: 0}
    - target: {fileID: 2152292039835104871, guid: 6a20c28ca060f114ea7128886b75b9f7,
        type: 3}
      propertyPath: m_Name
      value: wall rotated green ready (12)
      objectReference: {fileID: 0}
    m_RemovedComponents: []
  m_SourcePrefab: {fileID: 100100000, guid: 6a20c28ca060f114ea7128886b75b9f7, type: 3}
--- !u!4 &7329440667480025814 stripped
Transform:
  m_CorrespondingSourceObject: {fileID: 2152292039835104870, guid: 6a20c28ca060f114ea7128886b75b9f7,
    type: 3}
  m_PrefabInstance: {fileID: 8676498321247263920}
  m_PrefabAsset: {fileID: 0}
--- !u!1001 &8775239869972292450
PrefabInstance:
  m_ObjectHideFlags: 0
  serializedVersion: 2
  m_Modification:
    m_TransformParent: {fileID: 4956520142008168371}
    m_Modifications:
    - target: {fileID: 5879304483350634374, guid: 1b7a0b8865e12764b9fdb8eeb84e394d,
        type: 3}
      propertyPath: m_RootOrder
      value: 15
      objectReference: {fileID: 0}
    - target: {fileID: 5879304483350634374, guid: 1b7a0b8865e12764b9fdb8eeb84e394d,
        type: 3}
      propertyPath: m_LocalPosition.x
      value: -1.2387505
      objectReference: {fileID: 0}
    - target: {fileID: 5879304483350634374, guid: 1b7a0b8865e12764b9fdb8eeb84e394d,
        type: 3}
      propertyPath: m_LocalPosition.y
      value: 2.35
      objectReference: {fileID: 0}
    - target: {fileID: 5879304483350634374, guid: 1b7a0b8865e12764b9fdb8eeb84e394d,
        type: 3}
      propertyPath: m_LocalPosition.z
      value: -1.048111
      objectReference: {fileID: 0}
    - target: {fileID: 5879304483350634374, guid: 1b7a0b8865e12764b9fdb8eeb84e394d,
        type: 3}
      propertyPath: m_LocalRotation.w
      value: 0.0000308454
      objectReference: {fileID: 0}
    - target: {fileID: 5879304483350634374, guid: 1b7a0b8865e12764b9fdb8eeb84e394d,
        type: 3}
      propertyPath: m_LocalRotation.x
      value: -0
      objectReference: {fileID: 0}
    - target: {fileID: 5879304483350634374, guid: 1b7a0b8865e12764b9fdb8eeb84e394d,
        type: 3}
      propertyPath: m_LocalRotation.y
      value: 1
      objectReference: {fileID: 0}
    - target: {fileID: 5879304483350634374, guid: 1b7a0b8865e12764b9fdb8eeb84e394d,
        type: 3}
      propertyPath: m_LocalRotation.z
      value: -0
      objectReference: {fileID: 0}
    - target: {fileID: 5879304483350634374, guid: 1b7a0b8865e12764b9fdb8eeb84e394d,
        type: 3}
      propertyPath: m_LocalEulerAnglesHint.x
      value: 0
      objectReference: {fileID: 0}
    - target: {fileID: 5879304483350634374, guid: 1b7a0b8865e12764b9fdb8eeb84e394d,
        type: 3}
      propertyPath: m_LocalEulerAnglesHint.y
      value: 179.996
      objectReference: {fileID: 0}
    - target: {fileID: 5879304483350634374, guid: 1b7a0b8865e12764b9fdb8eeb84e394d,
        type: 3}
      propertyPath: m_LocalEulerAnglesHint.z
      value: 0
      objectReference: {fileID: 0}
    - target: {fileID: 5879304483350634375, guid: 1b7a0b8865e12764b9fdb8eeb84e394d,
        type: 3}
      propertyPath: m_Name
      value: window green ready (2)
      objectReference: {fileID: 0}
    m_RemovedComponents: []
  m_SourcePrefab: {fileID: 100100000, guid: 1b7a0b8865e12764b9fdb8eeb84e394d, type: 3}
--- !u!4 &2904987151277161700 stripped
Transform:
  m_CorrespondingSourceObject: {fileID: 5879304483350634374, guid: 1b7a0b8865e12764b9fdb8eeb84e394d,
    type: 3}
  m_PrefabInstance: {fileID: 8775239869972292450}
  m_PrefabAsset: {fileID: 0}
--- !u!1001 &9098186386267087732
PrefabInstance:
  m_ObjectHideFlags: 0
  serializedVersion: 2
  m_Modification:
    m_TransformParent: {fileID: 4956520142008168371}
    m_Modifications:
    - target: {fileID: 2152292039835104870, guid: 6a20c28ca060f114ea7128886b75b9f7,
        type: 3}
      propertyPath: m_RootOrder
      value: 11
      objectReference: {fileID: 0}
    - target: {fileID: 2152292039835104870, guid: 6a20c28ca060f114ea7128886b75b9f7,
        type: 3}
      propertyPath: m_LocalPosition.x
      value: 0.027248383
      objectReference: {fileID: 0}
    - target: {fileID: 2152292039835104870, guid: 6a20c28ca060f114ea7128886b75b9f7,
        type: 3}
      propertyPath: m_LocalPosition.y
      value: 2.35
      objectReference: {fileID: 0}
    - target: {fileID: 2152292039835104870, guid: 6a20c28ca060f114ea7128886b75b9f7,
        type: 3}
      propertyPath: m_LocalPosition.z
      value: -3.2801094
      objectReference: {fileID: 0}
    - target: {fileID: 2152292039835104870, guid: 6a20c28ca060f114ea7128886b75b9f7,
        type: 3}
      propertyPath: m_LocalRotation.w
      value: 0.7071251
      objectReference: {fileID: 0}
    - target: {fileID: 2152292039835104870, guid: 6a20c28ca060f114ea7128886b75b9f7,
        type: 3}
      propertyPath: m_LocalRotation.x
      value: -0
      objectReference: {fileID: 0}
    - target: {fileID: 2152292039835104870, guid: 6a20c28ca060f114ea7128886b75b9f7,
        type: 3}
      propertyPath: m_LocalRotation.y
      value: 0.7070885
      objectReference: {fileID: 0}
    - target: {fileID: 2152292039835104870, guid: 6a20c28ca060f114ea7128886b75b9f7,
        type: 3}
      propertyPath: m_LocalRotation.z
      value: -0
      objectReference: {fileID: 0}
    - target: {fileID: 2152292039835104870, guid: 6a20c28ca060f114ea7128886b75b9f7,
        type: 3}
      propertyPath: m_LocalEulerAnglesHint.x
      value: 0
      objectReference: {fileID: 0}
    - target: {fileID: 2152292039835104870, guid: 6a20c28ca060f114ea7128886b75b9f7,
        type: 3}
      propertyPath: m_LocalEulerAnglesHint.y
      value: 89.997
      objectReference: {fileID: 0}
    - target: {fileID: 2152292039835104870, guid: 6a20c28ca060f114ea7128886b75b9f7,
        type: 3}
      propertyPath: m_LocalEulerAnglesHint.z
      value: 0
      objectReference: {fileID: 0}
    - target: {fileID: 2152292039835104871, guid: 6a20c28ca060f114ea7128886b75b9f7,
        type: 3}
      propertyPath: m_Name
      value: wall rotated green ready (4)
      objectReference: {fileID: 0}
    m_RemovedComponents: []
  m_SourcePrefab: {fileID: 100100000, guid: 6a20c28ca060f114ea7128886b75b9f7, type: 3}
--- !u!4 &7177957584735507730 stripped
Transform:
  m_CorrespondingSourceObject: {fileID: 2152292039835104870, guid: 6a20c28ca060f114ea7128886b75b9f7,
    type: 3}
  m_PrefabInstance: {fileID: 9098186386267087732}
  m_PrefabAsset: {fileID: 0}
